 Dungeon Sprint DCSS version 0.19.0-20-gbc5f0c6 (webtiles) character file.

52 equalderp2856 the Gouger (level 3, -3/18 HPs)
             Began as a Felid Fighter on Nov 16, 2016.
             Slain by a crocodile (10 damage)
             ... in the Dungeon (Sprint IX: "|||||||||||||||||||||||||||||").
             The game lasted 00:01:07 (273 turns).

equalderp2856 the Gouger (Felid Fighter)             Turns: 273, Time: 00:01:08

Health: -3/18      AC:  1    Str: 13    XL:     3   Next: 60%
Magic:  4/4        EV: 22    Int:  9    God:
Gold:   5          SH:  0    Dex: 15    Spells: 0 memorised, 2 levels left
                                        Lives:  0   Deaths: 1

rFire  . . .     SeeInvis +       - Unarmed
rCold  . . .     Gourm    .     (armour unavailable)
rNeg   . . .     Faith    .     (shield unavailable)
rPois  .         Spirit   .     (helmet unavailable)
rElec  .         Reflect  .     (cloak unavailable)
rCorr  .         Harm     .     (gloves unavailable)
MR     .....     NoTele   +     (boots unavailable)
Stlth  ++........               (no amulet)
                                (no ring)
                                (no ring)

@: quick
A: no armour, no weapons or thrown items, stealth, claws 1, fangs 3, see
invisible, carnivore 3, speed 1, shaggy fur 1, slow metabolism 1, sharp paws
a: no special abilities


You were in the Dungeon.
You were not hungry.

You visited 1 branch You collected 5 gold pieces.

Inventory:

Jewellery
 m - a +3 ring of intelligence
 n - a +3 ring of strength
Wands
 l - a wand of lightning (7/15)
Scrolls
 h - 2 scrolls of blinking
 j - 3 scrolls of remove curse
 k - 2 scrolls of amnesia
 p - 3 scrolls of identify
 q - a scroll of recharging
 r - 2 scrolls of fog
Potions
 a - 2 potions of might
 c - 4 potions of curing
 d - 8 potions of heal wounds
 e - a potion of haste
 f - 4 potions of magic
 g - 2 potions of berserk rage
 i - a potion of invisibility
 o - a potion of resistance
Comestibles
 b - a meat ration


   Skills:
 + Level 4.4 Fighting
 + Level 6.8 Dodging
 + Level 0.4 Stealth
 + Level 8.5 Unarmed Combat


You had 2 spell levels left.
You didn't know any spells.

Dungeon Overview and Level Annotations

Branches:
Dungeon (1/1)

Altars:
Cheibriados
Dithmenos
Elyvilon
Fedhas
Gozag
Hepliaklqana
Kikubaaqudgha
Makhleb
Nemelex Xobeh
Okawaru
Qazlal
Ru
Sif Muna
Trog
Uskayaw
Vehumet
Xom
Yredelemnul
Zin
The Shining One
Beogh
Jiyva
Lugonu


Innate Abilities, Weirdness & Mutations

You cannot wear armour.
You are incapable of wielding weapons or throwing items.
Your paws allow you to move quietly. (Stealth)
You have sharp claws.
You have razor-sharp teeth.
You have supernaturally acute eyesight. (SInv)
You are carnivorous and can eat meat at any time.
You cover ground quickly.
You are covered in fur. (AC +1)
You have a slow metabolism.
Your sharp claws are effective at attacking unaware monsters.


Message History

p - 2 scrolls of identify
q - a scroll of recharging
p - 3 scrolls of identify (gained 1)
You see here 2 scrolls of enchant weapon.
r - 2 scrolls of fog You open the door.
A komodo dragon, 2 porcupines, 2 crocodiles and a hydra come into view.
You barely miss the crocodile.
The six-headed hydra roars!
The crocodile bites you!
Ouch! That really hurt!
You completely miss the crocodile. The crocodile completely misses you.
The komodo dragon hisses angrily.
You scratch the crocodile but do no damage.
The crocodile closely misses you.
You scratch the crocodile.
The crocodile is lightly wounded.
The crocodile bites you!
Ouch! That really hurt!
You die...

▓.▓
▓.▓
▓.▓
▓.▓
▓.▓
▓)▓
▓†▓
▓.▓
▓T▓
▓.▓
▓O▓
▓.▓
▓_▓
▓.▓
▓_▓
▓?▓
▓_▓
▓@▓
▓_▓
▓t▓
▓_▓
▓l▓
▓_▓
▓D▓
▓_▓
▓t▓
▓_▓
▓r▓
▓_▓
▓.▓
▓_▓
▓r▓
▓_▓


You could see a six-headed hydra, a komodo dragon, 2 crocodiles and 2
porcupines.

Vanquished Creatures
  A quasit (D)
  An orc wizard (D)
  A hound (D)
  An adder (D)
  An ooze (D)
  An orc (D)
  3 bats (D)
  A jackal (D)
  A frilled lizard (D)
11 creatures vanquished.

Notes
Turn   | Place    | Note
-------+----------+-------------------------------------------
     0 | D        | equalderp2856 the Felid Fighter began the quest for the Orb.
     0 | D        | Reached XP level 1. HP: 10/10 MP: 2/2
    10 | D        | Reached skill level 5 in Unarmed Combat
    14 | D        | Reached XP level 2. HP: 10/14 MP: 3/3
   115 | D        | Reached skill level 5 in Dodging
   115 | D        | Reached skill level 6 in Unarmed Combat
   115 | D        | Reached XP level 3. HP: 18/18 MP: 4/4
   121 | D        | Reached skill level 7 in Unarmed Combat
   121 | D        | Reached XP level 4. HP: 20/22 MP: 5/5
   147 | D        | Found a roughly hewn altar of Beogh.
   147 | D        | Found a snail-covered altar of Cheibriados.
   147 | D        | Found a shadowy altar of Dithmenos.
   147 | D        | Found a white marble altar of Elyvilon.
   147 | D        | Found a blossoming altar of Fedhas.
   147 | D        | Found an opulent altar of Gozag.
   148 | D        | Found a hazy altar of Hepliaklqana.
   149 | D        | Found a viscous altar of Jiyva.
   150 | D        | Found an ancient bone altar of Kikubaaqudgha.
   151 | D        | Found a corrupted altar of Lugonu.
   152 | D        | Found a burning altar of Makhleb.
   153 | D        | Found a sparkling altar of Nemelex Xobeh.
   154 | D        | Found an iron altar of Okawaru.
   155 | D        | Found a stormy altar of Qazlal.
   156 | D        | Found a sacrificial altar of Ru.
   157 | D        | Found a deep blue altar of Sif Muna.
   158 | D        | Found a bloodstained altar of Trog.
   159 | D        | Found a hide-covered altar of Uskayaw.
   160 | D        | Found a radiant altar of Vehumet.
   161 | D        | Found a shimmering altar of Xom.
   162 | D        | Found a basalt altar of Yredelemnul.
   163 | D        | Found a glowing silver altar of Zin.
   164 | D        | Found a glowing golden altar of the Shining One.
   189 | D        | Noticed a troll
   189 | D        | Noticed an ogre
   189 | D        | Noticed an eye of draining
   189 | D        | Noticed a troll
   189 | D        | Noticed a gargoyle
   204 | D        | Reached skill level 8 in Unarmed Combat
   240 | D        | Slain by a troll
   241 | D        | Reached XP level 3. HP: -1/18 MP: 3/4
   269 | D        | Noticed a crocodile
   269 | D        | Noticed a komodo dragon
   269 | D        | Noticed a crocodile
   269 | D        | Noticed a six-headed hydra
   269 | D        | Noticed a porcupine
   269 | D        | Noticed a porcupine
   273 | D        | Slain by a crocodile

Skill      XL: |  1  2  3  4 |
---------------+-------------+-----
Unarmed Combat | 5 6 7 8 |  8.5
Dodging        | 5 6 |  6.8
Fighting       | 4 |  4.4
Stealth        | |  0.4

Action                   |  1- 3 |  4- 6 || total
-------------------------+-------+-------++-------
Melee: Unarmed           |    23 |    10 ||    33
       Bite              |     3 |     1 ||     4
  Use: Potion            |       |     1 ||     1
Armor: Skin              |       |     1 ||     1
Dodge: Dodged            |    18 |    15 ||    33
